 Dungeon Crawl Stone Soup version 0.31-a0-569-g7ea453304b (webtiles) character file.

Game seed: 712274989837756063

2011 Ethylacetat the Insei (level 9, 0/64 HPs)
             Began as an Octopode Gladiator on Aug 18, 2023.
             Killed by divine providence
             ... invoked by an orc priest
              (12 damage)
             ... on level 6 of the Dungeon.
             The game lasted 00:08:21 (5167 turns).

Ethylacetat the Insei (Octopode Gladiator)          Turns: 5167, Time: 00:08:22

Health: 0/64       AC:  1    Str: 13    XL:     9   Next: 22%
Magic:  9/9        EV: 17    Int: 11    God:
Gold:   291        SH:  0    Dex: 17    Spells: 8/8 levels left

rFire   . . .        s - +1 dagger (venom)
rCold   . . .        (no shield)
rNeg    . . .        a - +0 hat
rPois   .            t - amulet of regeneration
rElec   .            (no ring)
rCorr   .            (no ring)
SInv    .            (no ring)
Will    .....        (no ring)
Stlth   +++          (no ring)
HPRegen 1.10/turn    (no ring)
MPRegen 0.11/turn    (no ring)
                     (no ring)

%: no passive effects
@: no status effects
A: almost no armour, amphibious, 8 rings, camouflage 1, gelatinous body 1,
(nimble swimmer 1), tentacles
a: no special abilities


You were on level 6 of the Dungeon.
You visited 1 branch of the dungeon, and saw 6 of its levels.

You collected 291 gold pieces.

Inventory:

Hand Weapons
 s - a +1 dagger of venom (weapon)
Missiles
 b - 4 throwing nets (quivered)
 c - a javelin
 r - 3 curare-tipped darts
Armour
 a - a +0 hat (worn)
Jewellery
 t - an amulet of regeneration (around mantle)
Scrolls
 d - 7 scrolls of teleportation {unknown}
 f - 3 scrolls of revelation {unknown}
 g - 7 scrolls of identify {unknown}
 h - 2 scrolls of butterflies {unknown}
 i - a scroll of fear {unknown}
 k - 4 scrolls of enchant armour {unknown}
 l - a scroll of amnesia {unknown}
 o - 4 scrolls of torment {unknown}
 q - a scroll of vulnerability {unknown}
 u - a scroll of immolation {unknown}
 v - a scroll of fog {unknown}
 w - a scroll of poison {unknown}
Potions
 e - 3 potions of curing
 j - 2 potions of haste {unknown}
 m - a potion of ambrosia {unknown}
 n - a potion of lignification {unknown}
 p - 3 potions of heal wounds {unknown}


   Skills:
 + Level 7.2 Fighting
 - Level 2.0 Throwing
 + Level 7.4 Dodging
 + Level 7.4 Unarmed Combat


You had 8 spell levels left.
You didn't know any spells.
Your spell library contained the following spells:

 Spells                   Type           Power      Damage    Failure   Level
 Apportation              Tloc           0%         N/A       34%         1
 Foxfire                  Conj/Fire      0%         2x1d4     34%         1
 Kiss of Death            Conj/Necr      0%         2d5       34%         1
 Necrotise                Necr           0%         1d4       34%         1
 Summon Small Mammal      Summ           0%         N/A       34%         1
 Cigotuvi's Dreadful Rot  Necr/Pois/Air  0%         N/A       47%         2
 Lesser Beckoning         Tloc           0%         N/A       47%         2
 Confusing Touch          Hex            0%         N/A       71%         3
 Gell's Gravitas          Tloc           0%         N/A       71%         3
 Ignite Poison            Fire/Tmut/Pois 0%         N/A       71%         3
 Teleport Other           Tloc           0%         N/A       71%         3
 Dispel Undead            Necr           0%         3d6       98%         4
 Sticky Flame             Conj/Fire      0%         2d3       98%         4
 Freezing Cloud           Conj/Ice/Air   0%         6-21      100%        5
 Plasma Beam              Fire/Air       0%         2x1d10    100%        6
 Starburst                Conj/Fire      0%         6d3       100%        6
 Ignition                 Fire           0%         3d3       100%        8


Dungeon Overview and Level Annotations

Branches:
Dungeon (6/15)
 Temple: D:4-7

Altars:

Shops:
D:5 :

Annotations:
D:4 3 runed translucent doors, Ethylacetat's ghost, amateur OpGl


Innate Abilities, Weirdness & Mutations

You cannot wear most types of armour.
You are amphibious.
You can wear up to eight rings at the same time.
Your skin changes colour to match your surroundings (Stealth+).
Your rubbery body absorbs attacks. (AC +1, EV +1)
((You are camouflaged when in or above water. (Stealth+)))
You have tentacles for arms and can constrict up to eight enemies at once.


Message History

The phantom misses you.
You hit the phantom. Your squeeze misses the phantom.
The phantom is severely damaged.
The phantom closely misses you.
You hit the phantom.
The phantom is severely damaged.
The phantom hits you.
* * * LOW HITPOINT WARNING * * *
The phantom blinks!
You blink.
An orc wizard comes into view. It is wielding a +0 dagger.
The orc priest begins to cast a cantrip, but forgets the words!
The orc priest calls down the wrath of Beogh upon you.
Pain shoots through your body!
* * * LOW HITPOINT WARNING * * *
You feel better. The phantom barely misses you.
You barely miss the orc priest.
The orc wizard shouts!
You grab the orc priest.
You squeeze the orc priest, but do no damage.
You constrict the orc priest, but do no damage.
The phantom hits you!
* * * LOW HITPOINT WARNING * * *
A centaur comes into view.
The orc priest hits you with a +0 short sword!
* * * LOW HITPOINT WARNING * * *
You feel better.
You constrict the orc priest, but do no damage.
The phantom misses you.
The orc priest struggles to escape constriction.
The centaur shouts!
You hit the orc priest but do no damage.
The orc priest is poisoned.
You squeeze the orc priest.
The orc priest is lightly wounded.
You constrict the orc priest, but do no damage.
You hear a shout!
The phantom hits you.
* * * LOW HITPOINT WARNING * * *
The orc priest calls down the wrath of Beogh upon you.
Beogh smites you!
You die...

...##.......##...........#.......
.....#......##.........#.........
.....#......##.........'.........
.....#.......######....######...#
...###...#...##...###### ##...
...#######...#.....#### #.##
........#...#..#...... #...
........#...#.W...# #.##
.........#...##.@.## ##... .#
##....#...###o## #...# .#
#.......#..##)# #...# .#
#.......##..'o# #...#
.###.......#####.# #....
...#.......### #.# #....
†..#.........# c[. ##...
...#.........# .... #...
...##........# #... #...


You could see a phantom, a centaur, an orc priest (very poisoned) and an orc
wizard.

Vanquished Creatures
  A troll (D:6)
  Prince Ribbit (D:6)
  Sigmund (D:6)
  Eustachio (D:6)
  A centaur (D:6)
  2 ogres
  2 gnoll sergeants
  A scorpion (D:5)
  A howler monkey (D:6)
  Crazy Yiuf (D:3)
  2 jellies
  4 hounds
  2 orc priests
  A gnoll bouda (D:5)
  A sleepcap (D:6)
  Jessica (D:3)
  2 iguanas (D:6)
  2 orc wizards (D:4)
  Robin (D:2)
  18 gnolls
  6 adders
  A shadow imp (D:4)
  3 white imps
  A worm (D:3)
  13 orcs
  6 ball pythons
  4 bats
  5 endoplasms
  A giant cockroach (D:4)
  19 goblins
  8 hobgoblins
  4 jackals (D:3)
  4 kobolds
  2 quokkas (D:3)
  A frilled lizard (D:3)
  4 rats
128 creatures vanquished.

Notes
Turn   | Place    | Note
-------+----------+-------------------------------------------
     0 | D:1      | Ethylacetat the Octopode Gladiator began the quest for the
                  | Orb.
     0 | D:1      | Reached XP level 1. HP: 14/14 MP: 1/1
   236 | D:1      | You fall into a shaft and drop 1 floor!
   260 | D:2      | Reached XP level 2. HP: 11/20 MP: 2/2
   645 | D:2      | Reached XP level 3. HP: 23/25 MP: 3/3
   814 | D:2      | Noticed Robin
   844 | D:2      | Killed Robin
   847 | D:2      | Reached XP level 4. HP: 22/30 MP: 4/4
  1164 | D:3      | Noticed Jessica
  1169 | D:3      | Killed Jessica
  1595 | D:3      | Reached XP level 5. HP: 34/36 MP: 5/5
  1824 | D:3      | Found a runed translucent door.
  1825 | D:3      | Noticed Crazy Yiuf
  2019 | D:3      | Killed Crazy Yiuf
  2184 | D:4      | Reached XP level 6. HP: 43/43 MP: 6/6
  2660 | D:4      | Found a runed translucent gate.
  2660 | D:4      | Found a runed translucent gate.
  2660 | D:4      | Noticed Ethylacetat's ghost (amateur OpGl)
  2661 | D:4      | Found a runed translucent gate.
  2661 | D:4      | Identified the +4 dagger of Cataclysm {spect, Drain rPois
                  | Will+ rCorr}
  3486 | D:5      | Entered Level 5 of the Dungeon
  3596 | D:4      | Reached skill level 5 in Unarmed Combat
  3596 | D:4      | Reached XP level 7. HP: 22/49 MP: 7/7
  3745 | D:5      | Reached skill level 5 in Dodging
  3844 | D:5      | Found Uriont's Vocational Training.
  4410 | D:5      | Reached skill level 5 in Fighting
  4462 | D:6      | Noticed Sigmund
  4491 | D:5      | Reached XP level 8. HP: 17/56 MP: 8/8
  4540 | D:6      | Killed Sigmund
  4684 | D:6      | Noticed Prince Ribbit
  4699 | D:6      | Killed Prince Ribbit
  4719 | D:6      | Noticed Eustachio
  4732 | D:6      | Killed Eustachio
  4888 | D:6      | Noticed a troll
  4897 | D:6      | Killed a troll
  4898 | D:6      | Reached XP level 9. HP: 37/64 MP: 9/9
  5165 | D:6      | HP: 2/64 [orc priest/+0 short sword (7)]
  5167 | D:6      | Killed from afar by an orc priest

Illustrated notes

Levels and vault maps discovered:
D:1:      sevenhm_arrival_forest_fort_large_4, layout_rooms, bh_walls_and_bars
D:2:      layout_rooms, uniq_robin
D:3:      layout_loops_ring, hangedman_decor_push, uniq_crazy_yiuf_cottage,
          uniq_jessica
D:4:      cheibrodos_pilgrimage, layout_basic, biasface_ghost_orc_armoury
D:5:      layout_rooms, serial_aquarium, aquarium_bridge_square
          [aquarium_subvault_window, aquarium_subvault_balcony,
          aquarium_subvault_bridge, aquarium_subvault_bridge],
          aquarium_bridge_square [aquarium_subvault_bridge,
          aquarium_subvault_bridge, aquarium_subvault_wall,
          aquarium_subvault_bridge], aquarium_window_fake, aquarium_window_fake,
          aquarium_view_2d, aquarium_view_2f, nicolae_shop_vocational
D:6:      minmay_octagon_keep, layout_basic, minmay_microvault, uniq_eustachio,
          uniq_sigmund, uniq_prince_ribbit1

Skill      XL: |  1  2  3  4  5  6  7  8 |
---------------+-------------------------+-----
Fighting       | 3 4 5 7 |  7.2
Unarmed Combat | 4 5 7 |  7.4
Dodging        | 4 5 7 |  7.4
Throwing       | |  2.0

Action                     |  1- 3 |  4- 6 |  7- 9 || total
---------------------------+-------+-------+-------++-------
  Melee: Unarmed           |    39 |   162 |       ||   201
         Constrict         |    13 |    43 |    29 ||    85
         Tentacles         |    12 |    32 |    53 ||    97
         Punch             |     2 |     9 |    11 ||    22
         Dagger            |       |       |   147 ||   147
  Throw: Javelin           |       |     1 |       ||     1
         Dart              |       |       |     4 ||     4
         Throwing net      |       |       |     1 ||     1
    Use: Potion            |       |       |     3 ||     3
   Stab: Sleeping          |     4 |     7 |     2 ||    13
         Held in net/web   |       |       |     2 ||     2
 Armour: Skin              |     2 |     8 |     2 ||    12
  Dodge: Dodged            |    15 |    99 |   137 ||   251

Table legend: (Time is in decaauts)
 A = Elapsed time spent in this place.
 B = Non-inter-level travel time spent in this place.
 C = Inter-level travel time spent in this place.
 D = Time resting spent in this place.
 E = Time spent auto-exploring this place.
 F = Levels seen in this place.
 G = Mean time per level.
                   A        B        C        D        E       F      G
               +--------+--------+--------+--------+--------+-----+--------+
         Total |   5165 |   4933 |    232 |    231 |   3803 |   6 |  860.8 |
       Dungeon |   5165 |   4933 |    232 |    231 |   3803 |   6 |  860.8 |
               +--------+--------+--------+--------+--------+-----+--------+

Top non-repeatable levels by time:
     D:4: 1592 daAuts
     D:3: 926 daAuts
     D:5: 792 daAuts
     D:6: 693 daAuts
     D:1: 600 daAuts
     D:2: 559 daAuts
